 Dungeon Crawl Stone Soup version 0.23-a0-413-g57a8110 (webtiles) character file.

87 tatocazan the Ducker (level 4, -1/31 HPs)
             Began as an Octopode Fighter on Nov 8, 2018.
             Slain by a goblin (4 damage)
             ... on level 3 of the Dungeon.
             The game lasted 00:02:28 (2206 turns).

tatocazan the Ducker (Octopode Fighter)             Turns: 2206, Time: 00:02:28

Health: -1/31      AC:  1    Str: 15    XL:     4   Next: 51%
Magic:  4/4        EV: 12    Int: 10    God:
Gold:   130        SH:  8    Dex: 12    Spells: 3/3 levels left

rFire    . . .     SeeInvis .   a - +0 long sword
rCold    . . .     Gourm    .   b - +0 shield
rNeg     . . .     Faith    .   (helmet restricted)
rPois    .         Spirit   .   (no amulet)
rElec    .         Reflect  .   (no ring)
rCorr    .         Harm     .   (no ring)
MR       .....                  (no ring)
Stlth    +++.......             (no ring)
HPRegen  0.10/turn              (no ring)
MPRegen  0.09/turn              (no ring)
                                (no ring)
                                (no ring)

@: no status effects
A: almost no armour, stealthy swim, amphibious, 8 rings, constrict 8, camouflage
1, gelatinous body 1
a: no special abilities


You were on level 3 of the Dungeon.
You were not hungry.

You visited 1 branch of the dungeon, and saw 4 of its levels.

You collected 130 gold pieces.

Inventory:

Hand Weapons
 a - a +0 long sword (weapon)
Missiles
 k - 7 javelins (quivered)
Armour
 b - a +0 shield (worn)
Jewellery
 e - a cursed amulet of inaccuracy {unknown}
Scrolls
 h - 2 scrolls of identify {unknown}
 l - a scroll of blinking {unknown}
 n - a scroll of remove curse {unknown}
Potions
 c - 2 potions of might
 g - a potion of heal wounds {unknown}
 i - a potion of ambrosia {unknown}
 j - a potion of cancellation {unknown}
 m - 3 potions of haste {unknown}
Comestibles
 d - 4 rations


   Skills:
 + Level 3.4 Fighting
 * Level 3.2 Long Blades
 + Level 3.5 Dodging
 + Level 2.4 Stealth
 - Level 3.0 Shields


You had 3 spell levels left.
You didn't know any spells.
Your spell library was empty.

Dungeon Overview and Level Annotations

Branches:
Dungeon (4/15)
 Temple: D:4-7

Altars:


Innate Abilities, Weirdness & Mutations

You cannot wear most types of armour.
You are very stealthy in the water. (Stealth+)
You are amphibious.
You can wear up to eight rings at the same time.
You can use your tentacles to constrict eight enemies at once.
Your skin changes colour to match your surroundings (Stealth+).
Your rubbery body absorbs attacks. (AC +1, EV +1)


Message History

Found a quarterstaff and an orange potion.
There is a stone staircase leading up here.
You take 2 damage, and have 9/31 hp.
You are too injured to fight recklessly!
You are too injured to fight recklessly!
You barely miss the jackal. Your grab misses the jackal.
You block the jackal's attack. x2
You hit the jackal. You grab the jackal. You squeeze the jackal.
You kill the jackal!
You climb upwards.
You block the jackal's attack. The jackal barely misses you.
You riposte.
You closely miss the jackal. Your grab misses the jackal.
The jackal is heavily wounded.
The goblin hits you.
* * * LOW HITPOINT WARNING * * *
The jackal bites you.
* * * LOW HITPOINT WARNING * * *
The jackal bites you.
* * * LOW HITPOINT WARNING * * *
The goblin hits you.
You die...

### .. .#######.#
# ......... ###.#
#.....†.# ...
#......l##.######
#.....†.h@g......
#.......##h######
#.......# .#
......... .#
######### .# ..
.# .#


You could see a leopard gecko, 2 jackals and a goblin.

Vanquished Creatures
  2 adders (D:2)
  2 oozes
  A worm (D:2)
  3 dart slugs
  10 bats
  7 goblins
  7 hobgoblins
  2 jackals
  A ball python (D:2)
  2 frilled lizards (D:2)
  6 kobolds
  9 rats
52 creatures vanquished.

Notes
Turn   | Place    | Note
-------+----------+-------------------------------------------
     0 | D:1      | tatocazan the Octopode Fighter began the quest for the Orb.
     0 | D:1      | Reached XP level 1. HP: 16/16 MP: 1/1
   177 | D:1      | Reached XP level 2. HP: 21/21 MP: 2/2
   193 | D:1      | Reached skill level 1 in Stealth
   408 | D:1      | Reached XP level 3. HP: 20/26 MP: 3/3
  1514 | D:2      | Reached XP level 4. HP: 26/31 MP: 4/4
  2206 | D:3      | Slain by a goblin

Vault maps used:
D:1:      dpeg_arrival_renting, dk_noncrumbling_4, minmay_pentomino_r4
D:2:      wad_lake_hut, minmay_misc_feat_roman, minmay_three_crescents
D:3:      lemuel_round_altar, moated_statue
D:4:      enter_ossuary_2, kennysheep_generic_room_5, uniq_menkaure, uniq_ijyb

Skill      XL: |  1  2  3 |
---------------+----------+-----
Stealth        | 1 2 |  2.4
Long Blades    | 3 |  3.2
Fighting       | |  3.4
Dodging        | |  3.5
Shields        | |  3.0

Action                   |  1- 3 |  4- 6 || total
-------------------------+-------+-------++-------
Melee: Long sword        |    67 |    17 ||    84
       Constrict         |    18 |     5 ||    23
       Tentacles         |    14 |     3 ||    17
 Stab: Sleeping          |     6 |     2 ||     8
       Distracted        |     1 |     1 ||     2
  Eat: Chunk             |     2 |     2 ||     4
Armor: Skin              |     8 |     1 ||     9
Dodge: Dodged            |    23 |    15 ||    38
Block: Shield            |    34 |    13 ||    47
       Rpst.: Long sword |     6 |     6 ||    12

Table legend:
 A = Non-vault XP
 B = Vault XP
 C = Vault XP percentage of total XP
 D = Non-vault monster count
 E = Vault monster count
 F = Vault count percentage of total count
                 A         B        C        D         E       F
            +---------+---------+-------+---------+---------+-------
      Total |     100 |      25 |  20.0 |      43 |       9 |  17.3
            +---------+---------+-------+---------+---------+-------
        D:1 |      37 |       5 |  11.9 |      17 |       3 |  15.0
        D:2 |      58 |      13 |  18.3 |      23 |       5 |  17.9
        D:3 |       3 |       7 |  70.0 |       2 |       1 |  33.3
        D:4 |       2 |       0 |   0.0 |       1 |       0 |   0.0
            +---------+---------+-------+---------+---------+-------
